 Dungeon Crawl Stone Soup version 0.20-a0-225-g9e35ab2 (webtiles) character file.

476 Faca the Shield-Bearer (level 7, -1/56 HPs)
             Began as a Formicid Fighter on Nov 25, 2016.
             Slain by a centaur (2 damage)
             ... on level 7 of the Dungeon.
             The game lasted 00:13:22 (1949 turns).

Faca the Shield-Bearer (Formicid Fighter)           Turns: 1949, Time: 00:13:23

Health: -1/56      AC: 14    Str: 21    XL:     7   Next: 32%
Magic:  7/7        EV:  3    Int:  7    God:
Gold:   126        SH: 15    Dex: 12    Spells: 6/6 levels left

rFire  . . .     SeeInvis +     i - +2 hand axe (venom)
rCold  . . .     Gourm    .     k - +0 plate armour (curse)
rNeg   . . .     Faith    .     m - +0 large shield
rPois  .         Spirit   .     (helmet unavailable)
rElec  .         Reflect  .     l - +0 cloak
rCorr  .         Harm     .     h - +0 pair of gloves
MR     .....                    (no boots)
Stlth  ..........               (no amulet)
                                (no ring)
                                (no ring)

@: lethally poisoned (-1 -> -19)
A: permanent stasis, dig shafts and tunnels, four strong arms, antennae 3
a: Dig, Shaft Self


You were on level 7 of the Dungeon.
You were not hungry.

You visited 1 branch of the dungeon, and saw 5 of its levels.

You collected 126 gold pieces.

Inventory:

Hand Weapons
 i - a +2 hand axe of venom (weapon)
Armour
 h - a +0 pair of gloves (worn)
 k - a cursed +0 plate armour (worn)
 l - a +0 cloak (worn)
 m - a +0 large shield (worn)
Scrolls
 c - 2 scrolls of remove curse
Potions
 a - a potion of flight
 b - 4 potions of curing
 d - 3 potions of might
Comestibles
 f - 2 bread rations
 g - a slice of pizza
 j - 3 meat rations


   Skills:
 + Level 5.0 Fighting
 + Level 3.9 Axes
 + Level 5.1 Armour
 + Level 5.9 Shields


You had 6 spell levels left.
You didn't know any spells.

Dungeon Overview and Level Annotations

Branches:
Dungeon (4/15)
 Temple: D:4-7

Altars:
Ashenzari
Okawaru
Zin


Innate Abilities, Weirdness & Mutations

You cannot be hasted, slowed, berserked, paralysed or teleported.
You can dig through walls and to a lower floor.
Your four strong arms can wield two-handed weapons with a shield.
You have a pair of large antennae on your head. (SInv)


Message History

The killer bee stings you.
* * * LOW HITPOINT WARNING * * *
Okay, then.
Unknown command.
You are too injured to fight recklessly!
You closely miss the killer bee.
The killer bee is severely wounded.
You miss the killer bee.
You hit the killer bee but do no damage.
The killer bee is poisoned.
You hit the killer bee.
* * * LOW HITPOINT WARNING * * *
You feel sick.
The killer bee looks more healthy.
You kill the killer bee!
Your Fighting skill increases to level 5!
You block the killer bee's attack. x3; The killer bee stings you.
* * * LOW HITPOINT WARNING * * *
You block the killer bee's attack.
The killer bee stings you but does no damage.
The centaur hits you.
You die...

.. .# #
#.###..
##......#
........#
#.......#
#†y.....!
#@c....#
#yy....#
#......#
#......#
#......#
#.######
#.# #..


You could see a centaur and 3 killer bees.

Vanquished Creatures
  Edmund (D:4)
  A phantom (D:3)
  2 killer bees (D:7)
  Jessica (D:2)
  A worker ant (D:4)
  3 adders
  2 gnolls (D:4)
  An ooze (D:1)
  2 worms
  4 dart slugs
  2 leopard geckos
  2 orcs (D:4)
  7 bats
  3 giant cockroaches
  5 goblins
  7 hobgoblins
  2 jackals (D:1)
  10 frilled lizards
  8 kobolds
  A rat (D:1)
65 creatures vanquished.

Notes
Turn   | Place    | Note
-------+----------+-------------------------------------------
     0 | D:1      | Faca the Formicid Fighter began the quest for the Orb.
     0 | D:1      | Reached XP level 1. HP: 18/18 MP: 1/1
   109 | D:1      | Reached XP level 2. HP: 16/24 MP: 2/2
   304 | D:1      | Reached XP level 3. HP: 29/29 MP: 3/3
   663 | D:2      | Noticed Jessica
   668 | D:2      | Killed Jessica
   668 | D:2      | Reached XP level 4. HP: 37/37 MP: 4/4
  1161 | D:3      | Found a glowing silver altar of Zin.
  1162 | D:3      | Found a shattered altar of Ashenzari.
  1248 | D:3      | Reached XP level 5. HP: 42/42 MP: 5/5
  1456 | D:3      | Noticed a phantom
  1475 | D:3      | Killed a phantom
  1475 | D:3      | Reached skill level 5 in Shields
  1475 | D:3      | Reached XP level 6. HP: 45/49 MP: 6/6
  1816 | D:4      | Noticed Edmund
  1834 | D:4      | Killed Edmund
  1889 | D:4      | Found an iron altar of Okawaru.
  1899 | D:4      | Reached XP level 7. HP: 55/55 MP: 7/7
  1941 | D:4      | You fall through a shaft for 3 floors!
  1945 | D:7      | Reached skill level 5 in Armour
  1949 | D:7      | Reached skill level 5 in Fighting
  1949 | D:7      | HP: 1/56 [killer bee (3)]
  1949 | D:7      | Slain by a centaur

Vault maps used:
D:1:      matt_arrival_diagonals
D:2:      first_bread, uniq_jessica
D:3:      nicolae_overflow_hidden_temple
D:4:      okawaru_altar_gauntlet_db, uniq_edmund
D:7:      black_bear_nest_2, nicolae_dithmenos_shadow_blocks, serial_shops,
          shop, uniq_crazy_yiuf_cottage, uniq_duvessa

Skill      XL: |  1  2  3  4  5  6  7 |
---------------+----------------------+-----
Shields        | 4 5 |  5.9
Fighting       | 4 5 |  5.0
Armour         | 4 5 |  5.1
Axes           | 3 |  3.9

Action                   |  1- 3 |  4- 6 |  7- 9 || total
-------------------------+-------+-------+-------++-------
Melee: War axe           |    41 |       |       ||    41
       Hand axe          |    43 |   102 |    14 ||   159
  Use: Scroll            |     6 |     1 |       ||     7
       Potion            |       |     5 |       ||     5
  Eat: Royal jelly       |       |     1 |       ||     1
       Beef jerky        |       |     1 |       ||     1
Armor: Scale mail        |    25 |       |       ||    25
       Chain mail        |    10 |     1 |       ||    11
       Plate armour      |       |    22 |    24 ||    46
Dodge: Dodged            |    23 |     9 |     1 ||    33
Block: Shield            |    44 |     3 |       ||    47
       Large shield      |       |    86 |    20 ||   106
